Selects Australian Defense Battlegroup
Selects Australian Light Infantry Section
Australian Light Infantry Section
Construct Section Command Post
Construct Field Infirmary
Construct Platoon Command Post
Selects CMP 15cwt Supply Run
Unlock M3 Stuart Light Tanks
Selects Artillery Trip Wire Flares
Construct Company Command Post
Selects Archer Tank Destroyer
Unlock Bishop Self-propelled Artillery
Selects Defensive Tactics